 Dungeon Crawl Stone Soup version 0.27-a0-291-gd9602db6ee (webtiles) character file.

Game seed: 7504231498794756269

12899 epen the Spear-Bearer (level 12, -5/110 HPs)
             Began as a Naga Gladiator on Feb 9, 2021.
             Was an Elder of Makhleb.
             Slain by a yak (10 damage)
             ... on level 12 of the Dungeon.
             The game lasted 00:23:29 (16429 turns).

epen the Spear-Bearer (Naga Gladiator)             Turns: 16429, Time: 00:23:30

Health: -5/110     AC: 14    Str: 29    XL:     12   Next: 0%
Magic:  16/16      EV: 12    Int: 10    God:    Makhleb [****..]
Gold:   523        SH:  0    Dex: 12    Spells: 11/11 levels left

rFire    + . .     SeeInvis +   a - +1 trident
rCold    . . .     Faith    .   (no shield)
rNeg     . . .     Spirit   .   e - +0 leather armour {rF+}
rPois    +         Reflect  .   c - +1 helmet
rElec    .         Harm     .   (no cloak)
rCorr    .         Rampage  .   C - +0 pair of gloves
Will     +....                  (no barding)
Stlth    ++........             i - amulet of magic regeneration
HPRegen  0.28/turn              s - +6 ring of strength
MPRegen  0.40/turn              v - +4 ring of protection

@: short of breath, very slow
A: large, stinger 2, see invisible, deformed body, poison resistance, slowness
2, spit poison 1, strong 1, no potion heal 1, AC +4
a: Spit Poison, Renounce Religion, Minor Destruction, Lesser Servant of Makhleb,
Major Destruction


You were on level 12 of the Dungeon.
You worshipped Makhleb.
Makhleb was greatly pleased with you.
You visited 2 branches of the dungeon, and saw 13 of its levels.

You collected 523 gold pieces.

Inventory:

Hand Weapons
 a - a +1 trident (weapon)
Missiles
 r - a throwing net (quivered)
Armour
 b - a +0 leather armour
 c - a +1 helmet (worn)
 e - a +0 leather armour of fire resistance (worn)
 l - a +0 ring mail
 C - a +0 pair of gloves (worn)
Jewellery
 g - an uncursed ring of willpower
 i - an amulet of magic regeneration (around neck)
 o - an uncursed ring of willpower
 s - a +6 ring of strength (left hand)
 v - a +4 ring of protection (right hand)
 y - an uncursed ring of magical power
Wands
 d - a wand of paralysis (19)
 n - a wand of iceblast (1)
 E - a wand of flame (10)
Scrolls
 k - 8 scrolls of remove curse
 p - 2 scrolls of identify
 A - 4 scrolls of amnesia
 F - a scroll of enchant weapon
Potions
 f - a potion of degeneration
 h - 2 potions of flight
 j - a potion of brilliance
 m - 2 potions of magic
 t - a potion of cancellation
 u - a potion of resistance
 w - 2 potions of curing
 x - a potion of berserk rage
 z - a potion of haste
 B - a potion of ambrosia


   Skills:
 + Level 7.7 Fighting
 * Level 11.7 Polearms
 - Level 2.3 Throwing
 + Level 6.7 Armour
 + Level 7.0 Dodging
 - Level 4.1 Stealth
 + Level 6.3 Invocations
 - Level 0.2 Evocations


You had 11 spell levels left.
You didn't know any spells.
Your spell library contained the following spells:

 Spells                   Type           Power        Failure   Level
 Freeze                   Ice            0%           38%         1
 Poisonous Vapours        Pois/Air       0%           54%         2
 Frozen Ramparts          Ice            0%           77%         3
 Ignite Poison            Fire/Tmut/Pois 0%           77%         3
 Ozocubu's Armour         Ice            0%           77%         3
 Animate Armour           Summ/Erth      0%           99%         4
 Hailstorm                Conj/Ice       0%           99%         4
 Summon Ice Beast         Ice/Summ       0%           99%         4
 Borgnjor's Vile Clutch   Necr/Erth      0%           100%        5
 Fireball                 Conj/Fire      0%           100%        5
 Eringya's Noxious Bog    Tmut/Pois      0%           100%        6
 Starburst                Conj/Fire      0%           100%        6
 Ignition                 Fire           0%           100%        8


Dungeon Overview and Level Annotations

Branches:
Dungeon (12/15)            Temple (1/1) D:7            Lair (0/6) D:11
    Orc (0/2) D:12

Altars:
Ashenzari
Cheibriados
Dithmenos
Elyvilon
Fedhas
Gozag
Hepliaklqana
Kikubaaqudgha
Makhleb
Nemelex Xobeh
Okawaru
Qazlal
Ru
Sif Muna
Trog
Uskayaw
Vehumet
Wu Jian
Xom
Yredelemnul
Zin
The Shining One

Shops:
D:8 =

Annotations:
D:8 Harold
D:10 2 transporters, namelastname112's ghost, journeyman DrDe


Innate Abilities, Weirdness & Mutations

You cannot wear boots.
Your serpentine skin is tough. (AC +4)
You have supernaturally acute eyesight. (SInv)
Armour fits poorly on your strangely shaped body.
Your system is resistant to poisons. (rPois)
You cover ground very slowly.
You can spit poison.
Your tail ends in a sharp poisonous barb.
Your muscles are strong. (Str +2)
Potions are less effective at restoring your health.


Message History

The yak barely misses you.
You hit the yak.
Your tail-slap misses the yak.
The yak is lightly wounded.
The yak gores you!
* * * LOW HITPOINT WARNING * * *
You puncture the yak! You tail-slap the yak.
The yak is heavily wounded.
Okay, then.
You hit the yak. You tail-slap the yak.
The yak is heavily wounded.
The yak gores you.
* * * LOW HITPOINT WARNING * * *
You closely miss the yak. You tail-slap the yak.
The yak is severely wounded.
The yak gores you!
* * * LOW HITPOINT WARNING * * *
You barely miss the yak.
The yak is severely wounded.
The yak gores you!
You die...

#.#####.# .#
####.#...#.#...#
#..†.#...#.#...#
#..†.#...#.'...
#....#...#.#..#
#....#+#'#.#..#
#..........#..# .
#.........Y#..# ..
#.#########@..#### ...
#.#....#....8....# ..
....###....#.........# ...
.[........##.........#....
..........##.........#....
..........#...............
.O.................!......
...#+####...8...>...8.....
. #†#...............


You could see a yak.

Vanquished Creatures
  A hydra (D:11)
  2 two-headed ogres
  A death yak (D:11)
  An unseen horror (D:10)
  An ugly thing (D:11)
  An elephant (D:11)
  A gargoyle (D:12)
  A centaur skeleton (D:11)
  A merfolk (D:11)
  Grinder (D:3)
  3 shadows
  Sigmund (D:5)
  8 yaks
  2 basilisks (D:11)
  Menkaure (D:7)
  Edmund (D:5)
  2 water moccasins
  4 orc warriors
  A black bear (D:8)
  4 ice beasts
  6 sky beasts
  8 ogres
  4 centaurs
  3 phantoms
  4 kobold brigands
  2 bullfrogs
  A wyvern zombie (D:7)
  3 scorpions
  A water moccasin skeleton (D:5)
  6 killer bees (D:12)
  8 wights
  A howler monkey (D:11)
  2 jellies
  4 hounds
  A bullfrog skeleton (D:7)
  9 orc priests
  Ijyb (D:3)
  Terence (D:3)
  3 iguanas
  17 orc wizards
  7 worker ants
  8 ogre zombies (D:12)
  A hound zombie (D:11)
  2 hound skeletons
  Robin (D:3)
  4 gnolls
  A worker ant zombie (D:11)
  14 adders
  3 shadow imps
  An ufetubus (D:10)
  An ooze (D:4)
  An adder skeleton (D:7)
  A dart slug (D:1)
  6 leopard geckos
  51 orcs
  2 ball pythons
  9 bats
  3 giant cockroaches
  19 goblins
  9 hobgoblins
  23 jackals
  5 quokkas
  5 frilled lizards
  2 goblin skeletons (D:12)
  5 goblin zombies (D:12)
  4 hobgoblin zombies (D:12)
  24 kobolds
  13 orc zombies (D:12)
  A quokka zombie (D:8)
  12 rats
361 creatures vanquished.

Vanquished Creatures (others)
  2 orc wizards
  11 fungi
  4 toadstools (D:4)
17 creatures vanquished.

Grand Total: 378 creatures vanquished

Notes
Turn   | Place    | Note
-------+----------+-------------------------------------------
     0 | D:1      | epen the Naga Gladiator began the quest for the Orb.
     0 | D:1      | Reached XP level 1. HP: 19/19 MP: 1/1
   175 | D:1      | Reached XP level 2. HP: 26/26 MP: 2/2
   587 | D:1      | Reached XP level 3. HP: 24/32 MP: 3/3
  1348 | D:2      | Reached skill level 1 in Armour
  1449 | D:2      | Reached XP level 4. HP: 21/39 MP: 4/4
  1792 | D:2      | Reached skill level 4 in Polearms
  2395 | D:3      | Found a broken altar of Ashenzari.
  2430 | D:3      | Noticed Terence
  2432 | D:3      | Noticed a sky beast
  2439 | D:3      | Killed a sky beast
  2440 | D:3      | Reached XP level 5. HP: 33/46 MP: 5/5
  2443 | D:3      | Killed Terence
  2444 | D:3      | Reached XP level 6. HP: 38/55 MP: 6/6
  2445 | D:3      | Noticed Grinder
  2445 | D:3      | Noticed Robin
  2808 | D:3      | Killed Robin
  3040 | D:3      | Paralysed by Grinder for 4 turns
  3047 | D:3      | Killed Grinder
  3048 | D:3      | Reached skill level 5 in Polearms
  3048 | D:3      | Reached skill level 1 in Stealth
  3048 | D:3      | Reached XP level 7. HP: 16/61 MP: 7/7
  3514 | D:3      | Noticed Ijyb
  3519 | D:3      | Killed Ijyb
  3569 | D:3      | Found a glowing golden altar of the Shining One.
  4088 | D:4      | Found a shimmering blue altar of Sif Muna.
  4149 | D:4      | You fall into a shaft and drop 3 floors!
  4149 | D:7      | Noticed Menkaure
  4163 | D:7      | Killed Menkaure
  4323 | D:7      | Reached skill level 6 in Polearms
  4415 | D:6      | Reached XP level 8. HP: 16/69 MP: 8/8
  4821 | D:5      | Entered Level 5 of the Dungeon
  5016 | D:5      | Found a bloodstained altar of Trog.
  5509 | D:5      | Noticed Sigmund
  5527 | D:5      | Killed Sigmund
  5766 | D:5      | Reached skill level 7 in Polearms
  6689 | D:4      | Found a bloodstained altar of Trog.
  7208 | D:5      | Noticed Edmund
  7235 | D:5      | Killed Edmund
  7525 | D:6      | Reached XP level 9. HP: 33/79 MP: 9/9
  7859 | D:6      | Found a blossoming altar of Fedhas.
  8226 | D:6      | Reached skill level 8 in Polearms
  8415 | D:7      | Identified the Papyrus of Poisoning and Earth
  9047 | D:7      | Reached skill level 5 in Fighting
  9047 | D:7      | Reached skill level 5 in Dodging
  9116 | D:7      | Found a staircase to the Ecumenical Temple.
  9177 | Temple   | Entered the Ecumenical Temple
  9414 | Temple   | Became a worshipper of Makhleb the Destroyer
  9507 | D:7      | Gained mutation: Potions are less effective at restoring
                  | your health. [potion of mutation]
  9507 | D:7      | Gained mutation: Your tail ends in a poisonous barb.
                  | [potion of mutation]
  9507 | D:7      | Gained mutation: Your muscles are strong. (Str +2) [potion
                  | of mutation]
  9507 | D:7      | Gained mutation: Your tail ends in a sharp poisonous barb.
                  | [potion of mutation]
 10097 | D:8      | You fall into a shaft and drop 3 floors!
 10108 | D:10     | Entered Level 10 of the Dungeon
 10113 | D:10     | Reached skill level 1 in Invocations
 10471 | D:9      | Found a stormy altar of Qazlal.
 10471 | D:9      | Found a radiant altar of Vehumet.
 10522 | D:9      | Reached skill level 9 in Polearms
 10587 | D:9      | Reached skill level 5 in Armour
 10885 | D:8      | Reached XP level 10. HP: 70/88 MP: 11/11
 11008 | D:8      | Found Midilim's Jewellery Shop.
 11676 | D:8      | Found an ornate altar of the Wu Jian Council.
 11790 | D:8      | Reached * piety under Makhleb
 12026 | D:8      | Noticed Harold
 12511 | D:9      | Found a white marble altar of Elyvilon.
 12638 | D:9      | Noticed a two-headed ogre
 12646 | D:9      | Killed a two-headed ogre
 12901 | D:9      | Reached skill level 10 in Polearms
 13484 | D:10     | Found a snail-covered altar of Cheibriados.
 13517 | D:10     | Found a transporter.
 13520 | D:10     | Noticed a deep troll
 13520 | D:10     | Noticed a cyclops
 13527 | D:10     | Found a transporter.
 13527 | D:10     | Noticed a two-headed ogre
 13528 | D:10     | Noticed namelastname112's ghost (journeyman DrDe)
 13529 | D:10     | Found a bloodstained altar of Trog.
 13529 | D:10     | Noticed a moth of wrath
 13540 | D:10     | Noticed a two-headed ogre
 13713 | D:10     | Noticed an unseen horror
 13731 | D:10     | Killed an unseen horror
 13956 | D:10     | Reached ** piety under Makhleb
 13957 | D:10     | Reached XP level 11. HP: 99/99 MP: 14/14
 14134 | D:11     | Noticed a six-headed hydra
 14140 | D:11     | Killed a six-headed hydra
 14388 | D:11     | Noticed a brown ugly thing
 14916 | D:11     | Reached skill level 5 in Invocations
 15175 | D:11     | Noticed a death yak
 15197 | D:11     | Killed a death yak
 15198 | D:11     | Reached skill level 11 in Polearms
 15388 | D:11     | Found a staircase to the Lair.
 15766 | D:11     | Killed a brown ugly thing
 16083 | D:12     | Found a staircase to the Orcish Mines.
 16093 | D:12     | Reached *** piety under Makhleb
 16142 | D:12     | Noticed a two-headed ogre
 16171 | D:12     | Killed a two-headed ogre
 16388 | D:12     | Reached **** piety under Makhleb
 16424 | D:12     | Reached XP level 12. HP: 25/110 MP: 16/16
 16428 | D:12     | HP: 5/110 [yak (7)]
 16429 | D:12     | Slain by a yak

Illustrated notes

Levels and vault maps discovered:
D:1:      minmay_arrival_up_and_down, layout_rooms
D:2:      layout_rooms
D:3:      layout_basic, lemuel_crystal_altar, evilmike_ruin_ashenzari,
          uniq_grinder, uniq_robin, uniq_terence, uniq_ijyb
D:4:      layout_gridville, kennysheep_mini_moat, led_sif_book,
          kennysheep_cross_bottleneck, minmay_gold_behind_fungi
D:5:      layout_basic, roderic_serpentine_path, trog_three_pillars_becter,
          uniq_sigmund, uniq_edmund
D:6:      layout_gridville, fedhas_bush_and_centaur_altar
D:7:      layout_loops_ring, minmay_temple_entry_hall, minmay_bent,
          uniq_menkaure
D:8:      layout_loops_cross, pdpol_wu_jian_five_deadly_venoms, serial_shops,
          shop, minmay_crystal_room, uniq_harold
D:9:      layout_stronghold, chequers_temple_overflow_statue_of_worship,
          kennysheep_mini
D:10:     layout_basic, gammafunk_ghost_wrathful_warriors, cheibriados_altar_1
D:11:     layout_cave_pods, david_lair_generic, gauntlet_entry_generic,
          minmay_misc_feat_room, hangedman_fish_farm
D:12:     layout_irregular_city, zombieorc2_lemuel, serial_shops, statue_bzr,
          kennysheep_generic_room_8, uniq_fannar, uniq_kirke
Temple:   nicolae_temple_figure_eight

Skill      XL: |  1  2  3  4  5  6  7  8  9 10 11 |
---------------+----------------------------------+-----
Throwing       | 2 |  2.3
Dodging        | 3 4 5 6 7 |  7.0
Armour         | 1 2 3 4 5 6 |  6.7
Polearms       | 4 5 6 7 9 10 11 | 11.7
Stealth        | 1 2 4 |  4.1
Fighting       | 3 4 5 6 7 |  7.7
Invocations    | 2 4 6 |  6.3
Evocations     | |  0.2

Action                   |  1- 3 |  4- 6 |  7- 9 | 10-12 || total
-------------------------+-------+-------+-------+-------++-------
Melee: Trident           |   162 |   146 |   576 |   644 ||  1528
       Tailslap          |       |       |    13 |   103 ||   116
Throw: Throwing net      |       |     6 |     4 |     1 ||    11
 Abil: Spit Poison       |       |       |    12 |     8 ||    20
Evoke: Wand              |       |       |    10 |    17 ||    27
  Use: Scroll            |     4 |     4 |    13 |    11 ||    32
       Potion            |       |     3 |     2 |     1 ||     6
 Stab: Sleeping          |     2 |       |     8 |     9 ||    19
       Held in net/web   |       |     2 |     1 |     2 ||     5
       Distracted        |       |       |     1 |       ||     1
Armor: Leather armour    |    25 |       |   152 |   149 ||   326
       Ring mail         |    64 |    53 |    87 |       ||   204
       Skin              |       |     5 |       |       ||     5
Dodge: Dodged            |   118 |    62 |   338 |   241 ||   759

Table legend: (Time is in decaauts)
 A = Elapsed time spent in this place.
 B = Non-inter-level travel time spent in this place.
 C = Inter-level travel time spent in this place.
 D = Time resting spent in this place.
 E = Time spent auto-exploring this place.
 F = Levels seen in this place.
 G = Mean time per level.
                   A        B        C        D        E       F      G
               +--------+--------+--------+--------+--------+-----+--------+
         Total |  18978 |  18639 |    339 |   5130 |  10364 |  13 | 1459.8 |
       Dungeon |  18609 |  18312 |    297 |   5130 |  10080 |  12 | 1550.8 |
        Temple |    368 |    326 |     42 |      0 |    283 |   1 |  368.0 |
               +--------+--------+--------+--------+--------+-----+--------+

Top non-repeatable levels by time:
     D:5: 2231 daAuts
    D:11: 2209 daAuts
     D:7: 2020 daAuts
     D:8: 1913 daAuts
     D:3: 1895 daAuts
     D:9: 1806 daAuts
     D:2: 1332 daAuts
     D:6: 1287 daAuts
     D:4: 1275 daAuts
     D:1: 1198 daAuts
    D:10: 1098 daAuts
  Temple: 368 daAuts
    D:12: 338 daAuts
